[Event "IIFL Wealth  4th Mumbai Junior U-13"]
[Site "Mumbai"]
[Date "2019.01.01"]
[Round "3"]
[White "Abhinav Dubey"]
[Black "Thatavarthy Siva Suhas"]
[Result "1-0"]
[ECO "B78"]
[WhiteElo "1497"]
[BlackElo "1173"]
[Annotator "NA RC"]
[PlyCount "93"]
[EventDate "2018.12.30"]
[EventType "swiss"]
[EventCountry "IND"]
[SourceTitle "playchess.com"]
[Source "ChessBase"]
[SourceQuality "1"]
[TimeControl "40/5400+30:1800+30"]

1. e4 c5 2. Nf3 d6 3. d4 cxd4 4. Nxd4 Nf6 5. Nc3 g6 6. Be3 Bg7 7. f3 O-O 8. Qd2 Nc6 9. Bc4 Bd7 10. O-O-O Qa5 11. Kb1 Rfc8 12. Bb3 Ne5 13. g4 b5 14. Nd5 Qxd2 15. Rxd2 Kf8 16. h4 Nc4 17. Bxc4 Rxc4 18. Nxf6 Bxf6 19. h5 Rac8 20. Nb3 R8c7 21. Bd4 Bxd4 22. Nxd4 Kg7 23. Nb3 Be6 24. Rdh2 Rc8 25. hxg6 hxg6 26. g5 Rg8 27. c3 Rcc8 28. Nd4 Bd7 29. Rh7+ Kf8 30. f4 Rc5 31. Nf3 Bg4 32. Nd2 Bh5 33. Kc2 e6 34. e5 d5 35. Nb3 Rc4 36. Nd4 b4 37. a3 bxc3 38. bxc3 Ke7 39. Rb1 Rc7 40. f5 exf5 41. e6 Rf8 42. exf7 Rxf7 43. Re1+ Kd6 44. Re6+ Kc5 45. Rxf7 Rxf7 46. Re5 Rc7 47. Re1 1-0

[Event "IIFL Wealth  4th Mumbai Junior U-13"]
[Site "Mumbai"]
[Date "2019.01.01"]
[Round "3"]
[White "Aditya Ramanathan"]
[Black "Savitha Shri B"]
[Result "1/2-1/2"]
[ECO "B22"]
[WhiteElo "1493"]
[BlackElo "1894"]
[Annotator "NA RC"]
[PlyCount "126"]
[EventDate "2018.12.30"]
[EventType "swiss"]
[EventCountry "IND"]
[SourceTitle "playchess.com"]
[Source "ChessBase"]
[SourceQuality "1"]
[TimeControl "40/5400+30:1800+30"]

1. e4 c5 2. c3 g6 3. d4 cxd4 4. cxd4 Bg7 5. Nc3 d6 6. h3 a6 7. Nf3 b5 8. a3 Bb7 9. Bd3 Nf6 10. Be3 O-O 11. O-O (11. Rf1 ) (11. Qd2 $11) 11... Nbd7 {[%emt 0:00:40] E90: King's Indian: Classical: Early deviations and 6 h3} 12. Re1 (12. Rc1 Rc8 13. Nd2 e5 14. dxe5 Nxe5 15. Bb1 Re8 16. Qe2 d5 17. exd5 Nxd5 18. Nxd5 Bxd5 19. Rxc8 Qxc8 {0-1 (48) Vovk,O (2133)-Prosviriakov,V (2304) Koge 2013}) 12... Rc8 13. Rc1 Nb6 14. e5 $146 (14. Qe2 $11) ({Predecessor:} 14. b3 h6 {½-½ (41) Ludwig,R (1427)-Schmieder,W (1596) Bad Sooden 2011}) 14... Nfd5 15. Nxd5 Nxd5 16. Rxc8 Qxc8 17. exd6 exd6 18. Be4 f5 19. Bxd5+ Bxd5 20. Bf4 Qc6 21. Re3 Qb6 22. Rd3 h6 23. h4 Kh7 24. Rd2 Re8 25. Nh2 Re4 26. g3 Rxd4 27. Rxd4 Qxd4 28. Qxd4 Bxd4 29. b4 Bb2 30. Bxd6 Bxa3 31. Nf1 a5 32. Ne3 Be4 33. f3 Bd3 34. Nd5 Bc4 35. Nf6+ Kg7 $2 ({Black should play} 35... Kh8 $19 36. Be5 axb4 37. Nd7+ Kg8) 36. Ne8+ (36. bxa5 $11 Bc1 37. Nd7) 36... Kf7 37. bxa5 Bb2 38. Nc7 Bd4+ 39. Kg2 g5 40. hxg5 hxg5 41. a6 Bb6 42. Na8 Ba7 43. Nc7 g4 44. f4 Be2 (44... Bd3 45. Kh2 $1 Bb6 ) 45. Kh2 Bd3 $15 46. Kg2 Bb6 47. Kh2 Bxc7 48. Bxc7 b4 49. a7 Be4 50. Kg1 Ke6 51. Kf2 Kd7 52. Be5 Kc8 53. Ke2 Kb7 54. Kd2 Kxa7 55. Bd6 b3 56. Kc3 Bc2 57. Kb2 Kb6 58. Be7 Kc6 59. Bh4 Kd5 60. Bg5 Ke4 61. Bh4 Ke3 62. Bg5 Bd1 63. Bh4 Ke4 1/2-1/2

[Event "IIFL Wealth  4th Mumbai Junior U-13"]
[Site "Mumbai"]
[Date "2019.01.01"]
[Round "3"]
[White "Shravan Swaminathan"]
[Black "Garv Rai"]
[Result "1/2-1/2"]
[ECO "A45"]
[WhiteElo "1488"]
[BlackElo "1772"]
[Annotator "NA RC"]
[PlyCount "137"]
[EventDate "2018.12.30"]
[EventType "swiss"]
[EventCountry "IND"]
[SourceTitle "playchess.com"]
[Source "ChessBase"]
[SourceQuality "1"]
[TimeControl "40/5400+30:1800+30"]

1. d4 Nf6 2. Bf4 c5 3. e3 Qb6 4. Nc3 e6 5. Nb5 Nd5 6. dxc5 Bxc5 7. Bg3 a6 8. e4 Nf4 9. Nh3 Nxg2+ 10. Bxg2 Qxb5 11. Qe2 Qxe2+ 12. Kxe2 Nc6 13. c3 O-O 14. Rad1 Re8 15. Bd6 Bxd6 16. Rxd6 Ne5 17. b3 f6 18. Rhd1 Nf7 19. Rb6 Rb8 20. Ke3 d6 21. Nf4 Bd7 22. Bf1 Kf8 23. Bc4 g5 24. Ng2 Ke7 25. Be2 Rec8 26. Kd2 Rc6 27. Rb4 a5 28. Rd4 Rbc8 29. c4 b6 30. Ke3 h6 31. Bh5 Be8 32. f4 e5 33. fxe5 fxe5 34. R4d3 Rd8 35. Ke2 Nh8 36. Bf3 Ng6 37. Bh5 Nf4+ 38. Nxf4 gxf4 39. Bxe8 Rxe8 40. Rh3 Rh8 41. Rg1 Rcc8 42. Rg7+ Kf6 43. Rb7 Rc6 44. Rh5 Kg6 45. Rf5 Rh7 46. Rb8 Rf7 47. Rxf7 Kxf7 48. a4 Kg6 49. Kf3 Kg5 50. Rh8 h5 51. Kg2 Rc7 52. Rf8 Kh4 53. Rg8 Rc5 54. Rg6 Rc6 55. Rg7 Rc8 56. Rg6 Rd8 57. Rg7 Rc8 58. Rg6 Rc6 59. Rg7 Rc8 60. Rg6 Rd8 61. Rg7 Rc8 62. Rg6 Rc6 63. Rg7 Rc8 64. Rg6 Rd8 65. Rg7 Rf8 66. Rg6 f3+ 67. Kf2 Rf4 68. Rxd6 Rxe4 69. Kxf3 1/2-1/2

[Event "IIFL Wealth  4th Mumbai Junior U-13"]
[Site "Mumbai"]
[Date "2019.01.01"]
[Round "3"]
[White "Raghu Ram Reddy Seelam"]
[Black "Dabhade Arnav"]
[Result "1-0"]
[ECO "C54"]
[WhiteElo "1472"]
[BlackElo "1064"]
[Annotator "NA RC"]
[PlyCount "121"]
[EventDate "2018.12.30"]
[EventType "swiss"]
[EventCountry "IND"]
[SourceTitle "playchess.com"]
[Source "ChessBase"]
[SourceQuality "1"]
[TimeControl "40/5400+30:1800+30"]

1. e4 e5 2. Nf3 Nc6 3. Bc4 Bc5 4. c3 Nf6 5. d3 h6 6. O-O O-O 7. d4 exd4 8. cxd4 Bb6 9. d5 Ne7 10. e5 Nh7 11. d6 Nc6 12. Nc3 cxd6 13. Qxd6 Bc7 14. Qd5 a6 15. a4 b6 16. Bf4 Bb7 17. Qd2 Re8 18. Rfd1 Nf8 19. Re1 Ng6 20. Bd5 Qb8 21. Bb3 Qd8 22. Bd5 Qb8 23. Bb3 Qd8 24. Rad1 Bc8 25. Bg3 Ncxe5 26. Nxe5 Bxe5 27. Bxe5 Nxe5 28. Qd5 Rb8 29. Rxe5 Rxe5 30. Qxe5 Bb7 31. Bd5 Bxd5 32. Qxd5 d6 33. Qxd6 Qxd6 34. Rxd6 f6 35. Nd5 b5 36. Rxa6 bxa4 37. Rxa4 Rxb2 38. g3 Kf7 39. Nf4 g5 40. Ra7+ Kf8 41. Nh5 Rb1+ 42. Kg2 Rb6 43. g4 Kg8 44. Rg7+ Kf8 45. Rg6 Kf7 46. Rxh6 Rc6 47. Rxf6+ Rxf6 48. Nxf6 Kxf6 49. Kg3 Ke5 50. h4 gxh4+ 51. Kxh4 Kf4 52. g5 Kf3 53. g6 Kxf2 54. g7 Ke3 55. g8=Q Ke4 56. Qc4+ Ke5 57. Kg5 Kd6 58. Kf6 Kd7 59. Ke5 Kd8 60. Kd6 Ke8 61. Qg8# 1-0

[Event "IIFL Wealth  4th Mumbai Junior U-13"]
[Site "Mumbai"]
[Date "2019.01.01"]
[Round "3"]
[White "Shrey Nilkant"]
[Black "Bhandari, Arjun Neel"]
[Result "1-0"]
[ECO "C42"]
[WhiteElo "1466"]
[BlackElo "1156"]
[Annotator "NA RC"]
[PlyCount "80"]
[EventDate "2018.12.30"]
[EventType "swiss"]
[EventCountry "IND"]
[SourceTitle "playchess.com"]
[Source "ChessBase"]
[SourceQuality "1"]
[TimeControl "40/5400+30:1800+30"]

1. e4 e5 2. Nf3 Nf6 3. Nxe5 d6 4. Nf3 Nxe4 5. d4 d5 6. Bd3 Bd6 7. O-O O-O 8. c4 Nf6 9. cxd5 Nxd5 10. Nc3 Nxc3 11. bxc3 Bg4 12. h3 Bh5 13. Rb1 b6 14. Rb5 Bg6 15. c4 c6 16. Rb1 Nd7 17. Bxg6 fxg6 18. d5 c5 19. Ng5 Rf5 20. Ne6 Qf6 21. f4 Qc3 22. Qe2 Rf7 23. Bb2 Qg3 24. Rf3 Qh4 25. Qd2 Nf6 26. Re1 Nh5 27. g4 Nf6 28. Kg2 Re8 29. Be5 Bxe5 30. fxe5 Nd7 31. Rxf7 Kxf7 32. Ng5+ Kg8 33. d6 h6 34. Qd5+ Kh8 35. Nf7+ Kh7 36. Rf1 Rxe5 37. Nxe5 Nxe5 38. Qxe5 Qd8 39. Qe7 Qa8+ 40. Rf3 Qxf3+ 1-0

[Event "IIFL Wealth  4th Mumbai Junior U-13"]
[Site "Mumbai"]
[Date "2019.01.01"]
[Round "3"]
[White "Singh, Arjun Kumar"]
[Black "Aditya Sriram"]
[Result "1-0"]
[ECO "A01"]
[WhiteElo "1461"]
[BlackElo "1315"]
[Annotator "NA RC"]
[PlyCount "83"]
[EventDate "2018.12.30"]
[EventType "swiss"]
[EventCountry "IND"]
[SourceTitle "playchess.com"]
[Source "ChessBase"]
[SourceQuality "1"]
[TimeControl "40/5400+30:1800+30"]

1. b3 e5 2. Bb2 Nc6 3. e3 a6 4. d4 exd4 5. exd4 d5 6. Nf3 g6 7. Bd3 Bg7 8. O-O Nge7 9. Ne5 Nb4 10. Be2 Bf5 11. Nd3 Nec6 12. c3 Nxd3 13. Bxd3 Bxd3 14. Qxd3 O-O 15. Nd2 Re8 16. Nf3 Rc8 17. h3 Na7 18. Rad1 Qf6 19. Rd2 Red8 20. Re1 c5 21. dxc5 Rxc5 22. c4 Qb6 23. Bxg7 Kxg7 24. Qd4+ Kg8 25. cxd5 Nb5 26. Qe3 Qc7 27. Red1 b6 28. Ng5 Rc1 29. Ne4 Rxd1+ 30. Rxd1 Kg7 31. d6 Qb7 32. a4 Na7 33. Qd4+ Kg8 34. Nf6+ Kf8 35. Nxh7+ Kg8 36. Nf6+ Kf8 37. Nd5 Ke8 38. Re1+ Kd7 39. Re7+ Kc8 40. Rxb7 Kxb7 41. Qxb6+ Kc8 42. Qc7# 1-0

[Event "IIFL Wealth  4th Mumbai Junior U-13"]
[Site "Mumbai"]
[Date "2019.01.01"]
[Round "3"]
[White "Nanal Arnav"]
[Black "Daware Arth K"]
[Result "1-0"]
[ECO "B00"]
[WhiteElo "1456"]
[BlackElo "1155"]
[Annotator "NA RC"]
[PlyCount "118"]
[EventDate "2018.12.30"]
[EventType "swiss"]
[EventCountry "IND"]
[SourceTitle "playchess.com"]
[Source "ChessBase"]
[SourceQuality "1"]
[TimeControl "40/5400+30:1800+30"]

1. e4 Nc6 2. d4 e5 3. d5 Nce7 4. Nf3 Ng6 5. Nc3 Nf6 6. Be3 Bb4 7. Bd3 a6 8. O-O Bxc3 9. bxc3 d6 10. h3 O-O 11. c4 b6 12. a4 Bd7 13. a5 b5 14. cxb5 Bxb5 15. Bxb5 axb5 16. Qd3 Qd7 17. Rfb1 Rfb8 18. a6 Ne7 19. Ra5 Nexd5 20. exd5 e4 21. Raxb5 Re8 22. Qb3 exf3 23. a7 h6 24. Rb8 Kh7 25. Rxa8 Rxa8 26. Qb8 Rxb8 27. axb8=Q fxg2 28. Kxg2 Nxd5 29. Qb5 Qe6 30. Qd3+ g6 31. Rd1 Nb4 32. Qb3 Qe4+ 33. f3 Qxc2+ 34. Qxc2 Nxc2 35. Kf2 Nxe3 36. Kxe3 Kg7 37. Rc1 c5 38. Rd1 Kf6 39. Rxd6+ Kg5 40. Kf2 Kh4 41. Kg2 Kh5 42. Rd5+ f5 43. Rxc5 Kh4 44. Rc6 Kg5 45. h4+ Kh5 46. Rd6 Kxh4 47. Rxg6 Kh5 48. Re6 Kg5 49. f4+ Kxf4 50. Rxh6 Ke3 51. Kf1 Kf3 52. Rf6 Kg4 53. Kf2 Kf4 54. Rf8 Ke4 55. Kg3 f4+ 56. Rxf4+ Ke5 57. Kf3 Kd5 58. Re4 Kd6 59. Kf4 Kd5 1-0

[Event "IIFL Wealth  4th Mumbai Junior U-13"]
[Site "Mumbai"]
[Date "2019.01.01"]
[Round "3"]
[White "Sairaj Dilip Vernekar"]
[Black "Sriram S N"]
[Result "1-0"]
[ECO "B23"]
[WhiteElo "1445"]
[BlackElo "1139"]
[Annotator "NA RC"]
[PlyCount "111"]
[EventDate "2018.12.30"]
[EventType "swiss"]
[EventCountry "IND"]
[SourceTitle "playchess.com"]
[Source "ChessBase"]
[SourceQuality "1"]
[TimeControl "40/5400+30:1800+30"]

1. e4 c5 2. Nc3 d6 3. f4 e6 4. Nf3 a6 5. a4 Nc6 6. g3 Be7 7. Bg2 Qc7 8. d3 Nf6 9. O-O O-O 10. h3 Bd7 11. g4 Ne8 12. f5 exf5 13. gxf5 Nf6 14. Qe1 Nb4 15. Qe2 b5 16. e5 dxe5 17. Nxe5 Ra7 18. Nxd7 Qxd7 19. axb5 axb5 20. Rxa7 Qxa7 21. Nxb5 Qd7 22. Nc3 Re8 23. Ne4 Qd4+ 24. Kh1 Nxe4 25. Bxe4 Bf6 26. c3 Qe5 27. cxb4 cxb4 28. Re1 Qg3 29. Qe3 Qe5 30. Bc6 Qxe3 31. Bxe3 Rc8 32. Bc1 h6 33. Re8+ Rxe8 34. Bxe8 Kf8 35. Ba4 Ke7 36. Bb3 Bd4 37. Bd5 f6 38. b3 Kd6 39. Be4 Ke5 40. Kg2 Bc5 41. Kf3 Bd4 42. Be3 Bb2 43. Kg4 Kd6 44. Kh5 Be5 45. Kg6 Bg3 46. Kxg7 h5 47. Kxf6 h4 48. Kg6 Kd7 49. Bc5 Be1 50. f6 Ke8 51. f7+ Kd7 52. f8=Q Bg3 53. Qf7+ Kc8 54. Qb7+ Kd8 55. Be7+ Ke8 56. Bc6# 1-0

[Event "IIFL Wealth  4th Mumbai Junior U-13"]
[Site "Mumbai"]
[Date "2019.01.01"]
[Round "3"]
[White "Athalye Varad"]
[Black "Iyer Aarav"]
[Result "1-0"]
[ECO "B83"]
[WhiteElo "1442"]
[BlackElo "1124"]
[Annotator "NA RC"]
[PlyCount "89"]
[EventDate "2018.12.30"]
[EventType "swiss"]
[EventCountry "IND"]
[SourceTitle "playchess.com"]
[Source "ChessBase"]
[SourceQuality "1"]
[TimeControl "40/5400+30:1800+30"]

1. e4 c5 2. Nf3 d6 3. d4 cxd4 4. Nxd4 Nf6 5. Nc3 Nc6 6. Be2 e6 7. Be3 Be7 8. O-O a6 9. Kh1 Bd7 10. f4 h6 11. Nf3 O-O 12. Qe1 b5 13. a3 Qc7 14. Qg3 Kh8 15. h3 Nh7 16. Qf2 Bf6 17. Bd4 Nxd4 18. Nxd4 Qc5 19. Rad1 Bc6 20. Nxc6 Qxc6 21. e5 Bd8 22. Rxd6 Qc7 23. Rfd1 Be7 24. Rd7 Qc5 25. Qxc5 Bxc5 26. g3 Rac8 27. Rb7 Bxa3 28. Nxb5 Bxb2 29. Nd6 Rxc2 30. Bd3 Rc1 31. Rxc1 Bxc1 32. Bxa6 Ba3 33. Nxf7+ Kg8 34. Bc4 Rc8 35. Bxe6 Rc1+ 36. Kg2 Rc2+ 37. Kf3 Rc3+ 38. Kg4 h5+ 39. Kxh5 Nf6+ 40. exf6 g6+ 41. Kxg6 Rc7 42. Ng5+ Kh8 43. Rb8+ Rc8 44. Rxc8+ Bf8 45. Rxf8# 1-0

[Event "IIFL Wealth  4th Mumbai Junior U-13"]
[Site "Mumbai"]
[Date "2019.01.01"]
[Round "3"]
[White "Swara Lakshmi S Nair"]
[Black "Jain Aryan S"]
[Result "1-0"]
[ECO "C45"]
[WhiteElo "1415"]
[BlackElo "1115"]
[Annotator "NA RC"]
[PlyCount "133"]
[EventDate "2018.12.30"]
[EventType "swiss"]
[EventCountry "IND"]
[SourceTitle "playchess.com"]
[Source "ChessBase"]
[SourceQuality "1"]
[TimeControl "40/5400+30:1800+30"]

1. e4 e5 2. Nf3 Nc6 3. d4 exd4 4. Nxd4 Bc5 5. Nb3 Bb6 6. Nc3 a6 7. Qe2 d6 8. Bd2 Be6 9. O-O-O a5 10. a4 Bxb3 11. cxb3 Nd4 12. Qc4 Qd7 13. Kb1 Nf6 14. Be3 c5 15. f3 Qe6 16. Bxd4 Qxc4 17. Bxc4 cxd4 18. Nb5 Rd8 19. Nxd4 O-O 20. Nb5 Bc5 21. Rd3 Rd7 22. Rhd1 Rfd8 23. Nc3 Kf8 24. g4 g5 25. Bb5 Re7 26. Nd5 Re6 27. Ne3 d5 28. Nxd5 Nxd5 29. Rxd5 Rxd5 30. Rxd5 Bb6 31. Rxg5 Rf6 32. Be2 Rh6 33. Rh5 Rxh5 34. gxh5 Kg7 35. Bc4 Bg1 36. h3 Bh2 37. Kc2 f6 38. Kd3 Kh6 39. Bf7 Kg5 40. b4 axb4 41. b3 Be5 42. Kc4 Bd6 43. Kd5 Be5 44. Kc5 Bc3 45. Kb6 h6 46. Kxb7 Kf4 47. a5 Kxf3 48. Bd5 Kg3 49. a6 Bd4 50. a7 Bxa7 51. Kxa7 Kxh3 52. Kb6 Kg4 53. Bf7 f5 54. Be6 Kxh5 55. Bxf5 Kg5 56. Kc5 h5 57. Kxb4 h4 58. Kc5 Kf4 59. b4 h3 60. Bxh3 Kxe4 61. b5 Ke5 62. b6 Kf6 63. b7 Kg5 64. b8=Q Kh4 65. Qg8 Kh5 66. Qg7 Kh4 67. Qg4# 1-0

[Event "IIFL Wealth  4th Mumbai Junior U-13"]
[Site "Mumbai"]
[Date "2019.01.01"]
[Round "3"]
[White "Abhyuday Santhosh"]
[Black "Warsia, Khusbu"]
[Result "1-0"]
[ECO "D35"]
[WhiteElo "1409"]
[BlackElo "1107"]
[Annotator "NA RC"]
[PlyCount "119"]
[EventDate "2018.12.30"]
[EventType "swiss"]
[EventCountry "IND"]
[SourceTitle "playchess.com"]
[Source "ChessBase"]
[SourceQuality "1"]
[TimeControl "40/5400+30:1800+30"]

1. d4 Nf6 2. c4 e6 3. Nc3 d5 4. cxd5 exd5 5. Bg5 Bb4 6. e3 h6 7. Bh4 O-O 8. Bd3 Re8 9. Nge2 Nc6 10. O-O Be6 11. a3 Be7 12. Bg3 a6 13. Nf4 Bd6 14. Nxe6 fxe6 15. Bh4 Be7 16. Qc2 b5 17. Nxb5 axb5 18. Qxc6 Qd7 19. Qxd7 Nxd7 20. Bxe7 Rxe7 21. Bxb5 Nf6 22. f3 Rb8 23. a4 Rb6 24. Rfc1 Kf7 25. Rc6 Nd7 26. Rxb6 Nxb6 27. a5 Nc8 28. a6 Na7 29. Bd3 c6 30. Ra3 Ke8 31. Rb3 Kd8 32. Rb8+ Kc7 33. Rb7+ Kd8 34. Rxe7 Kxe7 35. Kf2 Kd7 36. Kg3 Kc7 37. Kf4 Kd6 38. e4 g5+ 39. Kg4 e5 40. dxe5+ Kxe5 41. exd5 cxd5 42. b4 Kd4 43. Bf1 Kc3 44. b5 Kb4 45. b6 Nc6 46. a7 Nxa7 47. bxa7 Kc5 48. a8=Q d4 49. Qf8+ Kd5 50. Qxh6 d3 51. Bxd3 Kd4 52. h4 gxh4 53. f4 Kxd3 54. f5 h3 55. gxh3 Ke4 56. f6 Ke5 57. f7 Kd5 58. f8=Q Ke4 59. Qc5 Kd3 60. Qhe3# 1-0

[Event "IIFL Wealth  4th Mumbai Junior U-13"]
[Site "Mumbai"]
[Date "2019.01.01"]
[Round "3"]
[White "Daakshin Arun"]
[Black "Devesh Anand Naik"]
[Result "1/2-1/2"]
[ECO "E91"]
[WhiteElo "1400"]
[BlackElo "1763"]
[Annotator "NA RC"]
[PlyCount "139"]
[EventDate "2018.12.30"]
[EventType "swiss"]
[EventCountry "IND"]
[SourceTitle "playchess.com"]
[Source "ChessBase"]
[SourceQuality "1"]
[TimeControl "40/5400+30:1800+30"]

1. d4 Nf6 2. c4 g6 3. Nc3 Bg7 4. e4 d6 5. Nf3 O-O 6. Be2 Nbd7 7. O-O e5 8. d5 Nc5 9. Qc2 a5 10. Be3 Nh5 11. Bxc5 dxc5 12. Rad1 Nf4 13. Rfe1 Bg4 14. h3 Bxf3 15. Bxf3 Qf6 16. Kh2 g5 17. Bg4 h5 18. Bf5 g4 19. Ne2 Rfe8 20. Rh1 Qg5 21. Qd2 Bh6 22. Nxf4 exf4 23. Kg1 g3 24. f3 h4 25. a4 Bg7 26. b3 Bd4+ 27. Kf1 Re5 28. Qc2 Rae8 29. Bg4 b6 30. Bd7 R8e7 31. Bg4 Qg7 32. Qc1 Qf6 33. Qb1 Qd6 34. Qc2 Re8 35. Qd2 R5e7 36. Bf5 Qe5 37. Qc2 Kg7 38. Bg4 Rg8 39. Bf5 Kf8 40. Bg4 Rg5 41. Bc8 Re8 42. Bd7 Rd8 43. Bg4 Ke7 44. Qd3 Kd6 45. Re1 Bc3 46. Re2 Bb4 47. Qd1 Re8 48. Bf5 Qc3 49. Bg4 f5 50. Bxf5 Rxf5 51. Qb1 Rfe5 52. Qd1 Qd4 53. Qc1 Qd3 54. Qc2 Qxc2 55. Rxc2 c6 56. Ke2 cxd5 57. Rd1 d4 58. Kd3 R5e7 59. Ra2 Bc3 60. Ra3 Rb8 61. Ra2 Rc7 62. Ra3 b5 63. axb5 Ra7 64. Ra4 Kc7 65. Rf1 Kb6 66. Rd1 Rd7 67. Rf1 Re8 68. Rd1 Rde7 69. Rf1 Rf8 70. Rd1 1/2-1/2

[Event "IIFL Wealth  4th Mumbai Junior U-13"]
[Site "Mumbai"]
[Date "2019.01.01"]
[Round "3"]
[White "Yash Joshi"]
[Black "Bhagyashree G Patil"]
[Result "1-0"]
[ECO "B01"]
[WhiteElo "1389"]
[BlackElo "1215"]
[Annotator "NA RC"]
[PlyCount "141"]
[EventDate "2018.12.30"]
[EventType "swiss"]
[EventCountry "IND"]
[SourceTitle "playchess.com"]
[Source "ChessBase"]
[SourceQuality "1"]
[TimeControl "40/5400+30:1800+30"]

1. e4 d5 2. exd5 Nf6 3. d4 Nxd5 4. Nf3 Bf5 5. a3 e6 6. Bd3 Bxd3 7. Qxd3 c6 8. Nc3 Nxc3 9. Qxc3 Be7 10. O-O O-O 11. Bf4 Nd7 12. Rad1 Nb6 13. Qb3 Qc8 14. Rfe1 Re8 15. Ne5 Bf6 16. Ng4 Be7 17. Qg3 Kh8 18. Ne5 Rf8 19. Rd3 Nd5 20. Rf3 Nxf4 21. Qxf4 f6 22. Nd3 Re8 23. Rfe3 Bf8 24. Qg4 f5 25. Qh5 Qd7 26. c3 Bd6 27. Qe2 Qc7 28. g3 f4 29. Rxe6 Rf8 30. gxf4 Bxf4 31. Nxf4 Qxf4 32. Re4 Qd6 33. Re7 b6 34. Qg4 Qf6 35. Qg3 Rg8 36. R7e6 Qf5 37. Qe5 Qg4+ 38. Kf1 Raf8 39. Qe4 Rf4 40. Qxc6 Qh4 41. Qg2 Rgf8 42. R1e2 Qh5 43. R6e5 Qh6 44. Re8 R4f6 45. Rxf8+ Rxf8 46. Re1 Qd2 47. f3 Qd3+ 48. Kf2 h6 49. Re3 Qd2+ 50. Re2 Qd3 51. Qg4 Qc4 52. Qh5 Qc6 53. Re3 a5 54. Qe5 Qg6 55. d5 Rd8 56. Re4 Kh7 57. Rd4 Re8 58. Qf4 Qc2+ 59. Qd2 Qb3 60. d6 Qf7 61. d7 Rd8 62. Qd3+ Kh8 63. Qb5 Qe6 64. c4 Qh3 65. Qe5 Rxd7 66. Qe8+ Kh7 67. Qxd7 Qxh2+ 68. Ke3 Qxb2 69. Qf5+ g6 70. Qf7+ Kh8 71. Rd8# 1-0

[Event "IIFL Wealth  4th Mumbai Junior U-13"]
[Site "Mumbai"]
[Date "2019.01.01"]
[Round "3"]
[White "Renganayaki V"]
[Black "Barde Om"]
[Result "1/2-1/2"]
[ECO "D38"]
[WhiteElo "1376"]
[BlackElo "1801"]
[Annotator "NA RC"]
[PlyCount "117"]
[EventDate "2018.12.30"]
[EventType "swiss"]
[EventCountry "IND"]
[SourceTitle "playchess.com"]
[Source "ChessBase"]
[SourceQuality "1"]
[TimeControl "40/5400+30:1800+30"]

1. d4 Nf6 2. c4 e6 3. Nf3 d5 4. Nc3 Bb4 5. cxd5 exd5 6. Bg5 Be7 7. e3 O-O 8. Bd3 Nbd7 9. O-O c6 10. Qc2 {[%emt 0:00:28] LiveBook: 8 Games} h6 11. Bh4 Re8 12. Rab1 {[%emt 0:07:07] D36: Queen's Gambit Declined: Exchange Variation: Main line (5 Bg5 c6 6 Qc2)} (12. Nd2 Nh5 13. Bxe7 Qxe7 14. Rab1 a5 15. a3 Nhf6 16. b4 axb4 17. axb4 b5 18. e4 dxe4 19. Ncxe4 Nxe4 20. Bxe4 {1-0 (74) Karjakin,S (2774)-Mamedyarov,S (2746) Almaty 2016}) 12... b6 13. Bg3 $146 ({Predecessor:} 13. b4 Bb7 14. Rfc1 Ne4 15. Bxe7 Qxe7 16. a4 Rac8 17. Ne2 g5 18. Ng3 Nxg3 19. hxg3 Nf8 {0-1 (49) Kelbling,A (1956)-Bornemann,M (2173) Unna 2007}) 13... Bb7 14. Rfd1 Nh5 15. a3 Nxg3 16. hxg3 Bd6 17. b4 Nf6 18. a4 Qe7 19. b5 c5 20. dxc5 bxc5 21. Bf1 {[%emt 0:05:41] [#]} Rac8 (21... Bxg3 $1 $17 22. fxg3 Qxe3+ 23. Kh1 d4) 22. Qb3 Bc7 (22... c4 $17 23. Qc2 {[#]} Bxg3 $1 ) 23. Qb2 $2 {[%emt 0:08:43] [#]} (23. Nxd5 $11 Nxd5 24. Rxd5) 23... Red8 ({Black should play} 23... Bxg3 $1 $19 24. b6 (24. fxg3 Qxe3+) 24... axb6 25. fxg3 Qxe3+ 26. Kh1 d4) 24. Rbc1 $1 Bd6 25. Qb3 Bc7 (25... c4 $15 26. Qc2 Ba3) 26. Qb2 Ng4 27. Bd3 $2 {[%emt 0:01:22] [#]} (27. Ne2 $17) 27... Ne5 $2 ({Black should try} 27... Bxg3 $1 $19 28. Rd2 (28. fxg3 Qxe3+) 28... d4 29. exd4 cxd4) 28. Be2 (28. Bf5 $15 Nxf3+ 29. gxf3) 28... d4 29. exd4 Nxf3+ 30. Bxf3 Bxf3 31. gxf3 cxd4 32. Ne4 Bb6 33. Rxc8 Rxc8 34. a5 Bxa5 35. Qxd4 Bb6 36. Qb2 Kh8 37. Kg2 f5 38. Nd6 Rf8 39. Nc4 Bc7 40. Qd2 Rd8 41. Qc2 Rxd1 42. Qxd1 Qc5 43. Qb3 f4 44. g4 h5 45. gxh5 Qxh5 46. Nd2 Qg6+ 47. Kf1 Qf5 48. Ne4 Kh7 49. Qc4 Bb6 50. Qd3 Kh6 51. Ke2 Qe5 52. Qb1 $11 Qd5 53. Kf1 Qe5 54. Ke2 Qd5 55. Kf1 Qe5 56. Ke2 Qd5 57. Kf1 Qe5 58. Ke2 Qd5 59. Ke1 1/2-1/2

[Event "IIFL Wealth  4th Mumbai Junior U-13"]
[Site "Mumbai"]
[Date "2019.01.01"]
[Round "3"]
[White "Vaval Aaditi"]
[Black "Krishnan Ritvik"]
[Result "1/2-1/2"]
[ECO "B22"]
[WhiteElo "1367"]
[BlackElo "1812"]
[Annotator "NA RC"]
[PlyCount "83"]
[EventDate "2018.12.30"]
[EventType "swiss"]
[EventCountry "IND"]
[SourceTitle "playchess.com"]
[Source "ChessBase"]
[SourceQuality "1"]
[TimeControl "40/5400+30:1800+30"]

1. e4 c5 2. c3 Nf6 3. e5 Nd5 4. d4 cxd4 5. Qxd4 e6 6. Nf3 Nc6 7. Qe4 d6 8. exd6 Bxd6 9. Bd3 {[%emt 0:04:44] B22: Sicilian: 2 c3} (9. Bc4 O-O 10. O-O Nce7 11. Rd1 Qc7 12. Nbd2 Bd7 13. Bxd5 exd5 14. Qe2 Ng6 15. h3 Nf4 16. Qf1 Bf5 {0-1 (42) Maze,S (2543)-Tregubov,P (2611) Haguenau 2013}) 9... Nf6 {[%emt 0:02:43] LiveBook: 4 Games} 10. Qe2 h6 11. Nbd2 Bc7 12. O-O O-O 13. Nc4 (13. Ne4 $14) 13... e5 $146 ({Predecessor:} 13... b5 14. Ne3 a6 15. Re1 Bb7 16. Nf1 Qe7 {0-1 (37) Johnsen,S (2020)-Johansson,V (2165) Stockholm 1998}) 14. Rd1 Qe7 15. Nfd2 Nd5 ({Black should play} 15... Bg4 $11 16. f3 Be6) 16. Qe4 Nf6 17. Qe2 Bd7 18. b3 Rfe8 19. Ne4 Nxe4 20. Bxe4 f5 21. Ba3 Qf7 $1 22. Bc2 Be6 23. Nd6 Bxd6 24. Bxd6 Qf6 25. Ba3 Red8 26. Bb2 e4 27. Rab1 Qf7 28. Rxd8+ Rxd8 29. Rd1 Rxd1+ 30. Qxd1 Qc7 31. h3 Qe5 32. Qc1 Qa5 33. Qa1 Qd5 34. Qd1 Qxd1+ 35. Bxd1 Kf7 36. Kf1 Ke7 37. c4 g6 38. Bc3 Kd6 39. Be2 b6 40. Ke1 Kc5 41. Kd2 a6 42. h4 $16 1/2-1/2

[Event "IIFL Wealth  4th Mumbai Junior U-13"]
[Site "Mumbai"]
[Date "2019.01.01"]
[Round "3"]
[White "Jadhav Jyotiraditya"]
[Black "Anirudh Satish"]
[Result "1-0"]
[ECO "D60"]
[WhiteElo "1358"]
[BlackElo "1101"]
[Annotator "NA RC"]
[PlyCount "101"]
[EventDate "2018.12.30"]
[EventType "swiss"]
[EventCountry "IND"]
[SourceTitle "playchess.com"]
[Source "ChessBase"]
[SourceQuality "1"]
[TimeControl "40/5400+30:1800+30"]

1. d4 d5 2. c4 e6 3. Nc3 Nf6 4. Bg5 Nbd7 5. Nf3 Be7 6. e3 O-O 7. cxd5 exd5 8. Bd3 Nb6 9. O-O Bg4 10. h3 Bh5 11. Re1 Ne4 12. Bxe7 Nxc3 13. bxc3 Qxe7 14. Be2 Qa3 15. Qc2 Bg6 16. Bd3 Bxd3 17. Qxd3 h6 18. Reb1 c6 19. Rb3 Qd6 20. a4 Qc7 21. Nd2 Rab8 22. c4 dxc4 23. Nxc4 Nxc4 24. Qxc4 Rfd8 25. Rc3 Qe7 26. Re1 Rbc8 27. f3 Rc7 28. e4 Rcd7 29. Rd1 Qf6 30. Rcd3 Qe6 31. d5 Qg6 32. dxc6 Rxd3 33. Rxd3 Rxd3 34. c7 Qb6+ 35. Kh2 Rd8 36. cxd8=Q+ Qxd8 37. e5 Qe7 38. Qd4 a6 39. f4 Kh7 40. f5 b5 41. axb5 axb5 42. Qd6 Qe8 43. e6 fxe6 44. fxe6 b4 45. e7 b3 46. Qd8 b2 47. Qxe8 b1=Q 48. Qf8 Qb7 49. Qf5+ g6 50. Qf7+ Kh8 51. e8=Q# 1-0